 Dungeon Crawl Stone Soup version 0.32-a0-918-g0f22ef8d61 (webtiles) character file.

Game seed: 6562396751093675554

224372 Sphara the Unseen (level 17, 0/148 HPs)
             Began as a Green Draconian Fighter on Apr 9, 2024.
             Was the Champion of Nemelex Xobeh.
             Shot with an arrow by a deep elf archer (20 damage)
             ... on level 1 of the Elven Halls on Apr 10, 2024.
             The game lasted 01:25:05 (25143 turns).

Sphara the Unseen (Green Draconian Fighter)        Turns: 25143, Time: 01:25:05

Health: 0/148      AC: 11    Str: 19    XL:     17   Next: 84%
Magic:  27/27      EV: 23    Int: 11    God:    Nemelex Xobeh [******]
Gold:   1311       SH:  6    Dex: 16    Spells: 23/26 levels left

rFire   + . .        K - +7 quick blade (drain)
rCold   + . .        b - +0 buckler
rNeg    + . .        (body armour unavailable)
rPois   +            (helmet restricted)
rElec   +            N - +0 cloak of Watchfulness {+Blink Slay+3 Stlth+}
rCorr   .            B - +0 pair of gloves of the Horehound {rElec rC+}
SInv    .            (no boots)
Will    ++++.        A - amulet of the Four Winds {rN+ Will+++ Clar}
Stlth   +++++++      W - ring of protection from fire
HPRegen 0.44/turn    I - ring of the Hare {EV+10}
MPRegen 0.20/turn

%: clarity
@: about to teleport, maw-form
A: devouring maw, noxious breath, AC +9, unfitting armour, stinger 1, poison
resistance, cold-blooded, beak, electricity resistance
}: 2/15 runes: decaying, serpentine
a: Noxious Breath, Begin Untransformation, Renounce Religion, Evoke Blink, Draw
Escape, Draw Destruction, Draw Summoning, Triple Draw, Deal Four, Stack Five


You were on level 1 of the Elven Halls.
You worshipped Nemelex Xobeh.
Nemelex Xobeh was exalted by your worship.
You were a creature with a mouth for a stomach.
You visited 7 branches of the dungeon, and saw 28 of its levels.
You also visited: Sewer, Bailey and Gauntlet.

You collected 3500 gold pieces.
You spent 2189 gold pieces at shops.

Inventory:

Hand Weapons
 K - a +7 quick blade of draining (weapon)
 U - the +8 trident of the Octopus King {venom, rElec rPois}
   (You found it on level 5 of the Lair of Beasts)

   rElec:     It insulates you from electricity.
   rPois:     It protects you from poison.
Missiles
 C - 4 silver javelins
 H - 4 throwing nets (quivered)
Armour
 b - a +0 buckler (worn)
 o - a +1 kite shield of protection
 B - the +0 pair of gloves of the Horehound (worn) {rElec rC+}
   (You found it in a Gauntlet)

   rC+:       It protects you from cold.
   rElec:     It insulates you from electricity.
 N - the +0 cloak of Watchfulness (worn) {+Blink Slay+3 Stlth+}
   (You found it in a Gauntlet)

   Slay+3:    It affects your accuracy & damage with ranged weapons and melee
   (+3).
   +Blink:    It lets you blink.
   Stlth+:    It makes you more stealthy.
 X - the +1 pair of gloves of the Sharing Gods {rF+++ Int-2 SInv Stlth+}
   (You found it on level 1 of the Snake Pit)

   Int-2:     It affects your intelligence (-2).
   rF+++:     It renders you almost immune to fire.
   SInv:      It lets you see invisible.
   Stlth+:    It makes you more stealthy.
Jewellery
 g - a ring of flight
 A - the amulet of the Four Winds (around neck) {rN+ Will+++ Clar}
   (You bought it in a shop on level 4 of the Snake Pit)

   [amulet of nothing]

   rN+:       It protects you from negative energy.
   Will+++:   It greatly increases your willpower.
   Clar:      It protects you from confusion, rage, mesmerisation and fear.
 I - the ring of the Hare (right hand) {EV+10}
   (You took it off a gnoll sergeant in a bailey)

   [ring of evasion]

   EV+10:     It affects your evasion (+10).
 L - a +4 ring of protection
 W - a ring of protection from fire (left hand)
Talismans
 D - a maw talisman (active)
 G - a granite talisman
Wands
 x - a wand of mindburst (6)
 y - a wand of roots (26)
 E - a wand of digging (5)
 J - a wand of charming (7)
 O - a wand of quicksilver (18)
Scrolls
 c - 5 scrolls of fear
 j - 7 scrolls of amnesia
 k - 3 scrolls of fog
 l - 4 scrolls of enchant armour
 n - 3 scrolls of revelation
 p - 5 scrolls of teleportation
 q - a scroll of brand weapon
 s - a scroll of vulnerability
 F - a scroll of immolation
 M - 2 scrolls of summoning
 S - 2 scrolls of noise
 T - 3 scrolls of silence
Potions
 a - 4 potions of mutation
 d - 10 potions of heal wounds
 e - 7 potions of curing
 f - 10 potions of haste
 h - 7 potions of brilliance
 m - 7 potions of attraction
 r - 2 potions of lignification
 u - 2 potions of enlightenment
 v - 3 potions of berserk rage
 w - 8 potions of might
 z - 2 potions of cancellation
 P - 4 potions of invisibility
 Q - 2 potions of resistance
 Z - 2 potions of magic
Miscellaneous
 Y - a sack of spiders (inert)


   Skills:
 * Level 12.9 Fighting
 - Level 14.0 Short Blades
 - Level 4.7 Polearms
 - Level 5.0 Dodging
 - Level 15.0 Stealth
 * Level 9.9 Shields
 - Level 5.0 Spellcasting
 - Level 5.3 Earth Magic
 * Level 14.0 Invocations
 - Level 6.0 Evocations
 - Level 13.0 Shapeshifting


You had 23 spell levels left.
You knew the following spells:

 Your Spells              Type           Power      Damage    Failure   Level
a - Passwall              Erth           14%        N/A       9%          3

Your spell library contained the following spells:

 Spells                   Type           Power      Damage    Failure   Level
 Freeze                   Ice            8%         1d3       24%         1
 Kiss of Death            Conj/Necr      8%         2d6       24%         1
 Shock                    Conj/Air       8%         1d3       24%         1
 Summon Small Mammal      Summ           8%         N/A       24%         1
 Cigotuvi's Dreadful Rot  Necr/Alch/Air  4%         N/A       36%         2
 Ensorcelled Hibernation  Hex/Ice        4%         N/A       36%         2
 Sublimation of Blood     Necr           2%         N/A       36%         2
 Call Canine Familiar     Summ           2%         N/A       58%         3
 Confusing Touch          Hex            2%         N/A       58%         3
 Frozen Ramparts          Ice            4%         1d1       58%         3
 Hailstorm                Conj/Ice       2%         3d5       58%         3
 Inner Flame              Hex/Fire       2%         N/A       58%         3
 Swiftness                Air            2%         N/A       58%         3
 Teleport Other           Tloc           2%         N/A       58%         3
 Petrify                  Alch/Erth      8%         N/A       63%         4
 Airstrike                Air            1%         2d(1-17)  94%         4
 Dispel Undead            Necr           2%         3d7       94%         4
 Ignite Poison            Fire/Alch      2%         N/A       94%         4
 Martyr's Knell           Necr/Summ      2%         N/A       94%         4
 Sticky Flame             Fire/Alch      2%         2d4       94%         4
 Summon Blazeheart Golem  Fire/Summ      2%         N/A       94%         4
 Freezing Cloud           Conj/Ice/Air   1%         6-21      100%        5
 Irradiate                Conj/Alch      1%         3d12      100%        5
 Dispersal                Tloc           1%         N/A       100%        6
 Gell's Gavotte           Tloc           1%         2d(11-17) 100%        6
 Ignition                 Fire           1%         3d3       100%        8


Dungeon Overview and Level Annotations

Branches:
Dungeon (11/15)            Temple (1/1) D:5            Lair (5/5) D:8
  Swamp (4/4) Lair:2        Snake (4/4) Lair:3        Slime (0/5) Lair:5
    Orc (2/2) D:10            Elf (1/3) Orc:2         Sewer (visited)
 Bailey (visited)         Gauntlet (visited)

Altars:
Ashenzari
Cheibriados
Dithmenos
Elyvilon
Fedhas
Gozag
Hepliaklqana
Kikubaaqudgha
Makhleb
Nemelex Xobeh
Okawaru
Qazlal
Ru
Sif Muna
Trog
Uskayaw
Vehumet
Wu Jian
Xom
Yredelemnul
Zin
The Shining One
Beogh
Jiyva

Shops:
D:10 =(   D:11 (   Orc:2 !!(=   Snake:4 (=*

Annotations:
D:9 exclusion: ice statue
Lair:1 exclusion: 3 oklob plants
Snake:3 exclusion: downstairs
Snake:4 exclusions: 3 doors and 1 more exclusion


Innate Abilities, Weirdness & Mutations

You are a creature with a mouth for a stomach.
Your midsection houses a second, enormous mouth.
You can breathe blasts of noxious fumes.
Your lurid green scales are hard. (AC +9)
You cannot fit into any form of body armour.
Your tail ends in a venomous barb.
Your system is resistant to poisons. (rPois)
You are cold-blooded and may be slowed by cold attacks.
You have a beak for a mouth.
You are resistant to electric shocks. (rElec)


Message History

Unknown command.
You hit the fire elemental. Your peck misses the fire elemental.
Your bite misses the fire elemental. You puncture the fire elemental!
You bite the fire elemental, but do no damage.
The fire elemental is almost destroyed.
The fire elemental closely misses you.
Unknown command.
You are too injured to fight recklessly!
Unknown command.
You are too injured to fight recklessly!
You closely miss the fire elemental. You bite the fire elemental.
You destroy the fire elemental!
The fire elemental disappears in a puff of smoke!
The fire elemental misses you.
You puncture the fire elemental! You peck the fire elemental.
You bite the fire elemental!!
You destroy the fire elemental!
The fire elemental disappears in a puff of smoke!
The deep elf pyromancer shouts!
The deep elf archer shoots an arrow.
The arrow misses you.
You hear a bow twang.
An arrow appears from out of thin air!
Deactivating autopickup; reactivate with Ctrl-A.
The arrow hits you but does no damage.
You hear some strange, mumbled words.
A shard of ice appears from out of thin air!
The shard of ice misses you.
You hear a bow twang.
An arrow appears from out of thin air!
The arrow hits you!
* * * LOW HITPOINT WARNING * * *
As you read the scroll of teleportation, it crumbles to dust.
You feel strangely unstable.
Unknown command.
Unknown command.
You hear a bow twang.
An arrow appears from out of thin air!
The arrow hits you!!
* * * LOW HITPOINT WARNING * * *
The deep elf archer shoots an arrow.
The arrow hits you!!
You die...
Your body glows with a rainbow of weird colours and disappears.

####### ..... #..#...
.... #..#..# #..#
#.e#..# #..# #.e#..#
#W.# #..#..# #..#
#.{#..#######..###'##
#Eā—‹#.....e..e........
#eE#...e...e.......[.
#.ā—‹#..###############
#.)'ā—‹.# #..#..#
#..#..#


You could see a deep elf archer (repels missiles).

Vanquished Creatures
  Mara (Snake:3)
  Aizul (Snake:3)
  2 azure jellies (Swamp:4)
  7 nagarajas (Snake:4)
  An orc warlord (Orc:1)
  Louise (Swamp:4)
  A dire elephant (Lair:4)
  2 eleionomae
  A bunyip (Swamp:2)
  Azrael (Elf:1)
  An ettin (Orc:2)
  Josephine (Lair:5)
  A salamander tyrant (Snake:1)
  2 centaur warriors (D:8)
  5 hydras
  18 anacondas
  11 alligators
  A ghost crab (Swamp:4)
  2 ice dragons (Swamp:4)
  An alligator snapping turtle (Snake:4)
  A catoblepas (Lair:5)
  4 death yaks
  A merfolk avatar (Lair:5)
  3 two-headed ogres
  A tengu warrior (Swamp:2)
  15 naga warriors
  4 naga sharpshooters
  9 shock serpents
  6 orc high priests
  6 spriggans
  5 salamander mystics
  A deep elf knight (Elf:1)
  4 skysharks
  3 goliath frogs
  A spriggan druid (Swamp:2)
  16 sea snakes
  15 mana vipers
  5 naga ritualists
  A bog body (Lair:2)
  2 swamp dragons
  2 necromancers (Orc:1)
  Pikel (D:8)
  An obsidian bat (Orc:2)
  3 deep elf pyromancers (Elf:1)
  3 deep elf zephyrmancers (Elf:1)
  An ugly thing (D:9)
  An orc knight (Orc:2)
  5 orc sorcerers
  2 manticores (Lair:5)
  A cyclops (D:9)
  14 salamanders
  26 elephants
  8 guardian serpents
  28 black mambas
  A meliai (shapeshifter) (D:8)
  2 molten gargoyles (Lair:3)
  2 torpor snails
  4 kobold blastminers (Orc:1)
  20 naga magi
  2 gargoyles (D:10)
  A smoke demon (Gauntlet)
  Maggie (D:7)
  12 komodo dragons
  9 cane toads
  4 rime drakes
  4 freezing wraiths (Swamp:4)
  A tyrant leech (Swamp:2)
  3 trolls
  2 wind drakes (Lair:5)
  6 polar bears
  7 hornets
  2 snapping turtles (Snake:4)
  21 blink frogs
  Sigmund (D:2)
  3 centaur simulacra (Gauntlet)
  5 wyverns
  4 fire elementals (Elf:1)
  48 yaks
  6 wraiths
  2 basilisks
  A golden eye (Lair:1)
  4 vampire mosquitoes
  5 steam dragons
  Grum (Bailey)
  14 wargs
  A harpy simulacrum (Gauntlet)
  43 nagas
  11 hydra simulacra (Swamp:4)
  7 swamp worms
  2 acid dragons
  5 water moccasins
  2 hell hounds (Elf:1)
  21 orc warriors
  A meliai simulacrum (Gauntlet)
  2 black bears
  A swamp drake (Swamp:1)
  4 sky beasts
  20 wolves
  6 ogres
  2 centaurs
  A crocodile (Sewer)
  3 lemures (D:8)
  4 kobold brigands
  2 phantoms
  7 gnoll sergeants (Bailey)
  A cyclops zombie (Orc:1)
  11 bullfrogs
  3 scorpions
  12 wights
  6 killer bees
  4 electric eels
  7 howler monkeys
  7 lava snakes (Lair:3)
  2 crimson imps (Gauntlet)
  2 bombardier beetles
  4 hounds
  26 orc priests
  6 gnoll boudas
  3 jellies
  2 sleepcaps
  4 iguanas
  Natasha (twice) (D:4)
  33 orc wizards
  Robin (D:3)
  17 gnolls
  3 orc zombies (Orc:1)
  16 adders
  3 shadow imps
  4 white imps
  2 orc simulacra (Orc:1)
  2 swamp drake simulacra (Swamp:4)
  An orc skeleton (Orc:1)
  3 dart slugs
  137 orcs
  10 endoplasms
  2 giant cockroaches
  18 goblins
  11 hobgoblins
  4 jackals (D:2)
  17 kobolds
  2 quokkas
  5 ball pythons
  5 bats
  4 frilled lizards
  12 rats
1017 creatures vanquished.

Vanquished Creatures (collateral kills)
  A tentacled monstrosity (Swamp:4)
  A minotaur (Gauntlet)
  A naga warrior (Snake:1)
  A goliath frog (Snake:4)
  An orange crystal statue (D:9)
  A will-o-the-wisp (Swamp:4)
  A naga mage (Snake:1)
  A bloated husk (Swamp:2)
  A steam dragon (D:9)
  2 vampire mosquitoes (Swamp:4)
  A swamp worm simulacrum (Swamp:4)
  A wolf (Bailey)
  A scorpion (D:7)
  A gnoll bouda (Bailey)
  A jelly (D:6)
  A swamp drake simulacrum (Swamp:4)
17 creatures vanquished.

Vanquished Creatures (others)
  A hydra (Snake:4)
  2 shock serpents
  A deep elf knight (Elf:1)
  A deep elf zephyrmancer (Elf:1)
  A tengu conjurer (Swamp:2)
  An orc wizard (Orc:1)
  An orc (D:7)
  A hobgoblin (D:7)
  2 foxfires (Swamp:4)
11 creatures vanquished.

Grand Total: 1045 creatures vanquished

Notes
Turn   | Place    | Note
-------+----------+-------------------------------------------
     0 | D:1      | Sphara the Draconian Fighter began the quest for the Orb.
     0 | D:1      | Reached XP level 1. HP: 19/19 MP: 1/1
   171 | D:1      | Reached XP level 2. HP: 26/26 MP: 2/2
   179 | D:1      | Reached skill level 1 in Stealth
   742 | D:2      | Reached XP level 3. HP: 30/31 MP: 3/3
   744 | D:2      | You fall into a shaft and drop 1 floor!
   779 | D:3      | Found a glowing drain.
   796 | Sewer    | Entered a sewer
   934 | Sewer    | Noticed a kobold brigand
   956 | Sewer    | Killed a kobold brigand
   957 | Sewer    | Reached skill level 2 in Stealth
   957 | Sewer    | Reached XP level 4. HP: 19/40 MP: 4/4
  1096 | Sewer    | Noticed a kobold brigand
  1108 | Sewer    | Killed a kobold brigand
  1109 | Sewer    | Reached skill level 3 in Stealth
  1109 | Sewer    | Reached XP level 5. HP: 18/46 MP: 5/5
  1428 | Sewer    | Gained mutation: You are resistant to electric shocks.
                  | (rElec) [potion of mutation]
  1428 | Sewer    | Gained mutation: You have a beak for a mouth. [potion of
                  | mutation]
  1439 | Sewer    | Noticed a crocodile
  1465 | Sewer    | Killed a crocodile
  1466 | Sewer    | Reached XP level 6. HP: 12/53 MP: 6/6
  1835 | D:2      | Noticed Sigmund
  1840 | D:2      | Killed Sigmund
  1841 | D:2      | Reached skill level 5 in Short Blades
  1841 | D:2      | Reached skill level 4 in Stealth
  1841 | D:2      | Your scales start taking on a lurid green colour.
  1841 | D:2      | Reached XP level 7. HP: 57/60 MP: 7/7
  1841 | D:2      | Gained mutation: Your system is resistant to poisons.
                  | (rPois) [Green Draconian growth]
  2124 | D:3      | Reached skill level 5 in Fighting
  2197 | D:3      | Noticed Robin
  2203 | D:3      | Killed Robin
  2208 | D:3      | Found a sacrificial altar of Ru.
  2742 | D:4      | Found a basalt altar of Yredelemnul.
  2763 | D:4      | Reached skill level 5 in Stealth
  2958 | D:4      | Found a broken altar of Ashenzari.
  2960 | D:4      | Noticed Natasha
  2984 | D:4      | Killed Natasha
  3161 | D:4      | Found a glowing silver altar of Zin.
  3294 | D:4      | Found a hazy altar of Hepliaklqana.
  3520 | D:4      | Noticed Natasha
  3528 | D:4      | Killed Natasha
  3529 | D:4      | Reached skill level 1 in Evocations
  3835 | D:4      | Upgraded the game from 0.32-a0-913-g739538afd8 to
                  | 0.32-a0-918-g0f22ef8d61
  3849 | D:5      | Entered Level 5 of the Dungeon
  3892 | D:5      | Reached XP level 8. HP: 69/69 MP: 8/8
  4262 | D:5      | Found a staircase to the Ecumenical Temple.
  4275 | Temple   | Entered the Ecumenical Temple
  4285 | Temple   | Prayed at the altar of an unknown god.
  4285 | Temple   | Became a worshipper of Nemelex Xobeh the Trickster
  4285 | Temple   | Reached * piety under Nemelex Xobeh
  4285 | Temple   | Received a gift from Nemelex Xobeh
  4541 | D:5      | Reached skill level 1 in Invocations
  4858 | D:6      | Received a gift from Nemelex Xobeh
  4999 | D:6      | Noticed a two-headed ogre
  5007 | D:6      | Killed a two-headed ogre
  5008 | D:6      | Reached XP level 9. HP: 75/75 MP: 9/11
  5190 | D:6      | Reached ** piety under Nemelex Xobeh
  5562 | D:6      | Found a radiant altar of Vehumet.
  5930 | D:7      | Found a flagged portal.
  5937 | D:7      | Noticed Maggie
  5950 | D:7      | Identified the -1 quarterstaff of Bihuf {freeze, Str+2}
  5958 | D:7      | Killed Maggie
  5959 | D:7      | Reached skill level 5 in Invocations
  5959 | D:7      | Reached skill level 5 in Evocations
  6089 | Bailey   | Entered a bailey
  6382 | Bailey   | Reached skill level 1 in Polearms
  6765 | Bailey   | Noticed Grum
  6780 | Bailey   | Killed Grum
  6826 | Bailey   | Reached skill level 5 in Shapeshifting
  6826 | Bailey   | Reached XP level 10. HP: 47/83 MP: 14/14
  7099 | D:7      | Received a gift from Nemelex Xobeh
  7124 | D:7      | Found an ornate altar of the Wu Jian Council.
  7124 | D:7      | Found a shimmering blue altar of Sif Muna.
  7167 | D:7      | Noticed a skeletal warrior
  7535 | D:8      | Noticed Pikel
  7559 | D:8      | Killed Pikel
  7732 | D:8      | Identified a scroll of acquirement
  7733 | D:8      | Acquired a +1 quick blade of protection
  8038 | D:8      | Found a staircase to the Lair.
  8201 | D:8      | Noticed a meliai
  8210 | D:8      | Killed a meliai
  8278 | D:8      | Noticed a centaur warrior
  8296 | D:8      | Killed a centaur warrior
  8297 | D:8      | Reached skill level 6 in Stealth
  8362 | D:8      | Reached XP level 11. HP: 89/89 MP: 17/17
  8370 | D:8      | Noticed a centaur warrior
  8381 | D:8      | Killed a centaur warrior
  8614 | D:9      | Noticed a cyan ugly thing
  8654 | D:9      | Reached *** piety under Nemelex Xobeh
  8726 | D:9      | Found a stormy altar of Qazlal.
  8766 | D:9      | Found a sparkling altar of Nemelex Xobeh.
  8822 | D:9      | Killed a cyan ugly thing
  8874 | D:9      | Noticed a two-headed ogre
  8878 | D:9      | Received a gift from Nemelex Xobeh
  8886 | D:9      | Killed a two-headed ogre
  8887 | D:9      | Reached skill level 7 in Stealth
  8934 | D:9      | Identified the +3 hand axe of Waoll {freeze, *Noise Fly
                  | rC+++ SInv}
  8984 | D:9      | Noticed an orange crystal statue
  9013 | D:9      | Killed an orange crystal statue
  9064 | D:9      | Found an iron altar of Okawaru.
  9189 | D:9      | Found a blossoming altar of Fedhas.
  9346 | D:10     | Entered Level 10 of the Dungeon
  9556 | D:11     | Noticed a two-headed ogre
  9556 | D:11     | Found Xitaxtej's Weapon Boutique.
  9573 | D:11     | Found a gate leading to a gauntlet.
  9579 | Gauntlet | Entered a Gauntlet
  9579 | Gauntlet | Noticed a necromancer
  9579 | Gauntlet | Found a transporter.
  9579 | Gauntlet | Found a transporter.
  9597 | Gauntlet | Found a transporter.
  9598 | Gauntlet | Found a transporter.
  9613 | Gauntlet | Found a transporter.
  9621 | Gauntlet | Found a transporter.
  9625 | Gauntlet | Found a transporter.
  9638 | Gauntlet | Found a transporter.
  9650 | Gauntlet | Found a transporter.
  9651 | Gauntlet | Received a gift from Nemelex Xobeh
  9655 | Gauntlet | Noticed a hell hog
  9664 | Gauntlet | Found a transporter.
  9668 | Gauntlet | Found a transporter.
  9670 | Gauntlet | Found a runed translucent door.
  9672 | Gauntlet | Found a runed translucent door.
  9676 | Gauntlet | Found a transporter.
  9766 | Gauntlet | Reached skill level 8 in Stealth
  9826 | Gauntlet | Identified the +0 cloak of Watchfulness {+Blink Slay+3
                  | Stlth+}
  9923 | Gauntlet | Identified the +0 pair of gloves of the Horehound {rElec
                  | rC+}
  9939 | Gauntlet | Noticed a minotaur
  9967 | Gauntlet | Killed a minotaur
  9978 | Gauntlet | Identified the +2 glaive of Fedhas, Brewing {freeze, rF+
                  | rC+ Will+}
 10128 | D:10     | Reached XP level 12. HP: 96/96 MP: 18/18
 10253 | D:10     | Found a roughly hewn altar of Beogh.
 10253 | D:10     | Found a staircase to the Orcish Mines.
 10322 | D:10     | Reached **** piety under Nemelex Xobeh
 10331 | Orc:1    | Entered Level 1 of the Orcish Mines
 10339 | Orc:1    | Found a roughly hewn altar of Beogh.
 10471 | Orc:1    | Reached skill level 9 in Stealth
 10599 | Orc:1    | Noticed an orc high priest
 10630 | Orc:1    | Killed an orc high priest
 10819 | Orc:2    | Entered Level 2 of the Orcish Mines
 10917 | Orc:2    | Noticed an ettin
 10930 | Orc:2    | Killed an ettin
 11002 | Orc:2    | Reached skill level 10 in Stealth
 11037 | Orc:1    | Reached skill level 10 in Shapeshifting
 11115 | Orc:2    | Found Jocif's Jewellery Boutique.
 11131 | Orc:2    | Found Qathoas's Antique Weapon Shop.
 11201 | Orc:2    | Noticed an orc high priest
 11201 | Orc:2    | Noticed an orc high priest
 11386 | Orc:1    | Killed an orc high priest
 11433 | Orc:2    | Found a roughly hewn altar of Beogh.
 11434 | Orc:2    | Noticed an orc high priest
 11435 | Orc:2    | Killed an orc high priest
 11476 | Orc:2    | Killed an orc high priest
 11539 | Orc:2    | Noticed an orc high priest
 11600 | Orc:2    | Killed an orc high priest
 11601 | Orc:2    | Reached skill level 11 in Stealth
 11622 | Orc:2    | Found Zuozin's Distillery.
 11665 | Orc:2    | Found Culos's Distillery.
 11722 | Orc:2    | Bought a potion of curing for 42 gold pieces
 11722 | Orc:2    | Bought a potion of invisibility for 112 gold pieces
 11733 | Orc:2    | Reached XP level 13. HP: 102/102 MP: 19/19
 11740 | Orc:2    | Bought a potion of mutation for 80 gold pieces
 11740 | Orc:2    | Bought a potion of might for 40 gold pieces
 11740 | Orc:2    | Bought a potion of haste for 100 gold pieces
 11740 | Orc:2    | Bought a potion of might for 40 gold pieces
 11740 | Orc:2    | Bought a potion of haste for 100 gold pieces
 11755 | Orc:2    | Bought a potion of haste for 140 gold pieces
 11755 | Orc:2    | Bought a potion of curing for 42 gold pieces
 11755 | Orc:2    | Bought 2 potions of heal wounds for 140 gold pieces
 11755 | Orc:2    | Bought a potion of haste for 140 gold pieces
 11814 | Orc:2    | Found a staircase to the Elven Halls.
 11830 | Orc:2    | Received a gift from Nemelex Xobeh
 11871 | Orc:2    | Paralysed by an orc sorcerer for 5 turns
 12187 | Orc:2    | Found a roughly hewn altar of Beogh.
 12317 | Orc:1    | Noticed an orc warlord
 12329 | Orc:1    | Killed an orc warlord
 12835 | D:10     | Found Oseub's Weapon Shoppe.
 12867 | D:10     | Received a gift from Nemelex Xobeh
 12958 | D:10     | Found Hako's Jewellery Shop.
 13112 | Lair:1   | Entered Level 1 of the Lair of Beasts
 13545 | Lair:1   | Reached skill level 12 in Stealth
 13639 | Lair:1   | Identified the +8 quarterstaff of Causality {heavy, rPois}
 13883 | Lair:1   | Received a gift from Nemelex Xobeh
 14459 | Lair:2   | Reached ***** piety under Nemelex Xobeh
 14468 | Lair:2   | Received a gift from Nemelex Xobeh
 14520 | Lair:2   | Reached skill level 5 in Shields
 14598 | Lair:2   | Reached skill level 10 in Short Blades
 14760 | Lair:2   | Received a gift from Nemelex Xobeh
 14863 | Lair:2   | Found a staircase to the Swamp.
 15311 | Lair:3   | Received a gift from Nemelex Xobeh
 15498 | Lair:3   | Found a staircase to the Snake Pit.
 15583 | Lair:4   | Gained mutation: Your tail ends in a venomous barb. [Green
                  | Draconian growth]
 15583 | Lair:4   | Reached XP level 14. HP: 114/114 MP: 21/21
 15679 | Lair:4   | Reached skill level 10 in Invocations
 15771 | Lair:4   | Received a gift from Nemelex Xobeh
 16022 | Lair:4   | Received a gift from Nemelex Xobeh
 16421 | Lair:5   | Entered Level 5 of the Lair of Beasts
 16628 | Lair:5   | Noticed Josephine
 16710 | Lair:5   | Killed Josephine
 16721 | Lair:5   | Reached skill level 13 in Stealth
 16723 | Lair:5   | Reached ****** piety under Nemelex Xobeh
 16802 | Lair:5   | Received a gift from Nemelex Xobeh
 16991 | Lair:5   | Received a gift from Nemelex Xobeh
 17095 | Lair:5   | Reached XP level 15. HP: 123/125 MP: 23/23
 17147 | Lair:5   | Found the +8 trident of the Octopus King {venom, rElec
                  | rPois}
 17395 | Lair:5   | Found a viscous altar of Jiyva.
 17395 | Lair:5   | Found a staircase to the Slime Pits.
 17698 | Snake:1  | Entered Level 1 of the Snake Pit
 17752 | Snake:1  | Received a gift from Nemelex Xobeh
 17981 | Snake:1  | Identified the +1 pair of gloves of the Sharing Gods {rF+++
                  | Int-2 SInv Stlth+}
 18196 | Snake:1  | Reached skill level 10 in Fighting
 19046 | Snake:2  | Received a gift from Nemelex Xobeh
 19117 | Snake:2  | Reached skill level 14 in Stealth
 19640 | Snake:3  | Received a gift from Nemelex Xobeh
 19658 | Snake:3  | Identified the serpent talisman "Kufeepp" {Str+4 Int+4}
 19658 | Snake:3  | Noticed Aizul
 19660 | Snake:3  | Killed Aizul
 19670 | Snake:3  | Noticed Mara
 19681 | Snake:3  | Learned a level 3 spell: Passwall
 19742 | Snake:3  | Reached skill level 1 in Earth Magic
 19749 | Snake:3  | Reached skill level 1 in Spellcasting
 19996 | Snake:4  | Entered Level 4 of the Snake Pit
 19996 | Snake:4  | Noticed a nagaraja
 20020 | Snake:4  | Identified the +0 leather armour "Nabuesk" {rF+ Will+
                  | Str+5}
 20026 | Snake:4  | Found Ucogof's Assorted Antiques.
 20027 | Snake:4  | Received a gift from Nemelex Xobeh
 20036 | Snake:4  | Bought a potion of might for 140 gold pieces
 20036 | Snake:4  | Bought a wand of roots (1) for 84 gold pieces
 20036 | Snake:4  | Bought a scroll of fear for 140 gold pieces
 20048 | Snake:4  | Found Nuxoxo's Jewellery Emporium.
 20059 | Snake:4  | Bought the amulet of the Four Winds {rN+ Will+++ Clar} for
                  | 849 gold pieces
 20059 | Snake:4  | Found the amulet of the Four Winds {rN+ Will+++ Clar}
 20090 | Snake:3  | Noticed Sphara's illusion
 20092 | Snake:3  | Killed Mara
 20093 | Snake:3  | Reached XP level 16. HP: 137/137 MP: 22/25
 20425 | Snake:3  | Received a gift from Nemelex Xobeh
 21622 | Snake:4  | Found Kunaff's Weapon Boutique.
 21926 | Snake:4  | Received a gift from Nemelex Xobeh
 22131 | Snake:4  | Reached skill level 5 in Earth Magic
 22339 | Snake:4  | Reached skill level 5 in Spellcasting
 22374 | Snake:4  | Reached skill level 5 in Dodging
 22429 | Snake:4  | Received a gift from Nemelex Xobeh
 22469 | Snake:4  | Reached skill level 15 in Stealth
 22469 | Snake:4  | Reached XP level 17. HP: 144/144 MP: 25/27
 23076 | Snake:4  | Got a serpentine rune of Zot
 23419 | Snake:2  | Received a gift from Nemelex Xobeh
 23596 | Swamp:1  | Entered Level 1 of the Swamp
 23898 | Swamp:2  | Acquired 861 gold pieces
 23934 | Swamp:3  | Received a gift from Nemelex Xobeh
 23940 | Swamp:4  | Entered Level 4 of the Swamp
 24009 | Swamp:4  | Noticed a tentacled monstrosity
 24019 | Swamp:4  | Killed a tentacled monstrosity
 24038 | Swamp:4  | Noticed Louise
 24058 | Swamp:4  | Killed Louise
 24380 | Swamp:4  | Got a mossy gem with 1039 turns to spare
 24383 | Swamp:4  | Got a decaying rune of Zot
 24845 | Elf:1    | Entered Level 1 of the Elven Halls
 24953 | Elf:1    | Noticed Azrael
 24973 | Elf:1    | Killed Azrael
 25143 | Elf:1    | Shot with an arrow by a deep elf archer

Illustrated notes

Levels and vault maps discovered:
D:1:      saegor_arrival_simple_c, layout_basic, minmay_tetromino_i4
D:2:      layout_rooms, uniq_sigmund
D:3:      layout_rooms, mainiacjoe_overflow_six_doors_small,
          portal_sewer_entry_d, uniq_robin
D:4:      minmay_wonky_spiral, layout_basic, mainiacjoe_overflow_two_lobes,
          mainiacjoe_overflow_24_doors, kennysheep_mini, serial_bayou,
          serial_bayou_ford_a, serial_bayou_pond_a, serial_bayou_lagoon_a,
          serial_bayou_pond_a, uniq_natasha
D:5:      layout_loops_ring, minmay_temple_entry_statues_pillars,
          minmay_strange_pillars
D:6:      layout_cave_pods, fiery_altar_vehumet, chequers_mini_garden
D:7:      layout_loops_cross, gammafunk_temple_overflow_pools, enter_bailey_4,
          uniq_maggie
D:8:      minmay_quarter_circles, layout_basic, grunt_lair_entry_orc_guard_hut,
          minmay_fountain_box, uniq_pikel
D:9:      minmay_separated_statues, layout_cave_pools,
          nicolae_qazlal_style_of_elements, lemuel_crystal_altar,
          mainiacjoe_overflow_swirl, serial_column_ruins,
          column_ruins_open_small, column_ruins_grid_1,
          column_ruins_columns_straight, column_ruins_open_tiny,
          column_ruins_corridor_straight, minmay_microvault
D:10:     layout_roguey, david_orc_5, serial_shops,
          nicolae_shop_back_alley_shop, nicolae_shop_bloodbath_and_beyond
D:11:     layout_rooms, gauntlet_entry_generic, serial_shops, shop,
          chequers_garden, yredelemnul_altar_generic
Temple:   chequers_temple_sunken
Lair:1:   layout_cave_pods, disabler_island
Lair:2:   layout_gridlike, nicolae_swamp_entry_splash_gauntlet
Lair:3:   cheibrodos_magma_flow, layout_long_grid,
          nicolae_snake_entry_warm_welcome, serial_bayou_shore_a
Lair:4:   layout_regular_city, grunt_megastairs_3
Lair:5:   gammafunk_lair_ancient_temple, layout_long_grid, slime_entry_1,
          uniq_josephine
Swamp:1:  layout_falls_marsh, evilmike_swamp_ruin_house_2, swamp_pool_1_2
Swamp:2:  layout_basic_swamp, evilmike_swamp_ruin_rubble_2, kb_tengu_band
Swamp:3:  layout_basic_swamp, evilmike_swamp_ruin_house_3
Swamp:4:  swamp_icy, layout_basic_swamp, uniq_louise
Snake:1:  layout_basic
Snake:2:  layout_basic, nicolae_snake_gridmaze_tees
Snake:3:  layout_grid_maze, uniq_mara, uniq_aizul
Snake:4:  grunt_snake_rune_pools, layout_chambers, serial_shops, shop,
          nicolae_shop_window_shopping, nicolae_diamond_shop,
          nicolae_snake_herptile_family_reunion
Orc:1:    dreamdust_under_siege, layout_diamond_mine, minmay_orc_barracks
Orc:2:    st_orc_town, layout_caves, nicolae_orc_lost_temple
Elf:1:    eino_elf_arrival_customs, layout_onion_city, serial_shops,
          nicolae_shop_real_fake_doors, minmay_elf_annihilation, minivault_16,
          uniq_donald, uniq_azrael

Skill      XL: |  1  2  3  4  5  6  7  8  9 10 11 12 13 14 15 16 17 |
---------------+----------------------------------------------------+-----
Stealth        | 1 2 3 4 5 6 8 11 12 13 14 15 | 15.0
Fighting       | 4 5 6 7 9 11 12 | 12.9
Short Blades   | 3 4 5 6 7 9 10 11 12 13 14 | 14.0
Evocations     | 1 4 5 6 |  6.0
Invocations    | 3 6 8 9 11 12 13 14 | 14.0
Shapeshifting  | 2 5 6 8 11 12 13 | 13.0
Polearms       | 3 4 |  4.7
Shields        | 5 7 9 |  9.9
Earth Magic    | 3 5 |  5.3
Spellcasting   | 2 5 |  5.0
Dodging        | 5 |  5.0

Action                     |  1- 3 |  4- 6 |  7- 9 | 10-12 | 13-15 | 16-18 || total
---------------------------+-------+-------+-------+-------+-------+-------++-------
  Melee: Rapier            |   115 |     3 |       |       |       |       ||   118
         Tailslap          |     9 |    16 |    86 |   305 |   311 |   215 ||   942
         Dagger            |       |    82 |   466 |   160 |       |       ||   708
         Peck              |       |     7 |   107 |   428 |   411 |   300 ||  1253
         Quick blade       |       |       |       |  1378 |  1403 |   968 ||  3749
         Maw               |       |       |       |    50 |   600 |   401 ||  1051
  Throw: Dart              |     4 |     7 |    14 |     3 |     4 |       ||    32
         Throwing net      |       |       |       |       |     1 |       ||     1
   Cast: Passwall          |       |       |       |       |     1 |       ||     1
 Invoke: Draw Destruction  |       |       |    11 |     3 |     8 |    27 ||    49
         Draw Summoning    |       |       |     4 |     4 |       |     1 ||     9
         Draw Escape       |       |       |       |     1 |       |     2 ||     3
Ability: Noxious Breath    |       |       |     8 |     3 |     2 |       ||    13
  Evoke: Wand              |       |       |    12 |    10 |    17 |    21 ||    60
         Sack of spiders   |       |       |       |       |       |     1 ||     1
    Use: Potion            |     1 |     7 |     1 |     1 |     1 |     6 ||    17
         Scroll            |       |       |     8 |    14 |     7 |     9 ||    38
   Stab: Sleeping          |       |     2 |    16 |     9 |    37 |    14 ||    78
         Distracted        |       |     1 |       |     3 |     5 |     3 ||    12
         Confused          |       |       |     4 |     1 |     3 |       ||     8
         Held in net/web   |       |       |       |       |     1 |       ||     1
 Armour: Skin              |    66 |    30 |   198 |   375 |   428 |   256 ||  1353
  Dodge: Dodged            |    57 |    31 |   194 |   858 |   705 |   390 ||  2235
  Block: Buckler           |    28 |    11 |    90 |   218 |   198 |   103 ||   648
   Form: Maw               |       |       |       |     1 |       |       ||     1

Table legend: (Time is in decaauts)
 A = Elapsed time spent in this place.
 B = Non-inter-level travel time spent in this place.
 C = Inter-level travel time spent in this place.
 D = Time resting spent in this place.
 E = Time spent auto-exploring this place.
 F = Levels seen in this place.
 G = Mean time per level.
                   A        B        C        D        E       F      G
               +--------+--------+--------+--------+--------+-----+--------+
         Total |  24700 |  23559 |   1141 |   3021 |   9901 |  31 |  796.8 |
       Dungeon |   8397 |   8024 |    373 |    459 |   4127 |  11 |  763.4 |
        Temple |     21 |     13 |      8 |      0 |      0 |   1 |   21.0 |
          Lair |   4683 |   4286 |    397 |     43 |   2741 |   5 |  936.6 |
         Swamp |   1023 |    998 |     25 |    341 |      5 |   4 |  255.8 |
     Snake Pit |   5646 |   5497 |    149 |    997 |   2000 |   4 | 1411.5 |
  Orcish Mines |   2427 |   2240 |    187 |    232 |    774 |   2 | 1213.5 |
   Elven Halls |    275 |    275 |      0 |     97 |     61 |   1 |  275.0 |
         Sewer |    908 |    908 |      0 |    310 |    131 |   1 |  908.0 |
        Bailey |    897 |    897 |      0 |    499 |      0 |   1 |  897.0 |
      Gauntlet |    418 |    418 |      0 |     42 |     60 |   1 |  418.0 |
               +--------+--------+--------+--------+--------+-----+--------+

Top non-repeatable levels by time:
 Snake:4: 2560 daAuts
   Orc:2: 1357 daAuts
  Lair:1: 1260 daAuts
     D:8: 1163 daAuts
     D:4: 1147 daAuts
 Snake:1: 1115 daAuts
   Orc:1: 1069 daAuts
 Snake:3: 1018 daAuts
     D:6: 1016 daAuts
  Lair:4: 981 daAuts
  Lair:5: 974 daAuts
 Snake:2: 952 daAuts
   Sewer: 908 daAuts
  Bailey: 897 daAuts
     D:5: 897 daAuts
